AoeStats
← CrookCrab8029

Arabia

508370843Analyzed
4v4 RM · 10d ago on Sep 22, 2026· 30m 43s· 8 players
Game mode
Random Map
Map size
Large (8 player)
Population
200
Speed
Normal
Resources
Standard
Victory
Conquest
Starting age
Dark Age
Ending age
Imperial Age
RankedLock teamsTeams togetherTeam positionsShared explorationLock speedFull tech treeHidden civsTurbo modeCheats
Victory
Defeat
🇲🇽 Magyars · Mexico
1196
+9
🇲🇽 Hindustanis · Mexico
1099
+13
🇲🇽 Mongols · Mexico
1053
+15
🇲🇽 Burgundians · Mexico
916
+20
🇨🇳 Vietnamese · China
1050
-15
🇺🇸 Tatars · United States
1048
-15
🇹🇼 Persians · Taiwan
1012
-14
🇭🇰 Saracens · Hong Kong SAR China
995
-13
NaCl
10:18 Feudal Age
9:07 Loom
18:45 Castle Age
17:56 Scale Barding Armor
23:41 Forging
27:00 Pikeman
27:43 Scale Mail Armor
abbnn
0:33 Loom
11:35 Feudal Age
13:08 Wheelbarrow
12:19 Double-Bit Axe
20:35 Castle Age
22:01 Bow Saw
24:59 Stone Mining
28:30 Redemption
Akoros
5:45 Loom
11:31 Feudal Age
11:57 Double-Bit Axe
12:13 Horse Collar
24:52 Castle Age
29:42 Scale Barding Armor
29:49 Forging
vper1490
8:38 Loom
11:32 Feudal Age
12:19 Double-Bit Axe
27:35 Castle Age
CrookCrab8029
0:52 Loom
9:36 Feudal Age
11:04 Double-Bit Axe
15:48 Forging
16:35 Wheelbarrow
16:36 Horse Collar
24:20 Castle Age
23:56 Scale Barding Armor
24:09 Bloodlines
24:26 Gold Mining
25:53 Bow Saw
26:05 Husbandry
28:54 Chain Barding Armor
31:46 Iron Casting
TUSHIRO
7:26 Loom
9:43 Feudal Age
13:00 Forging
12:46 Double-Bit Axe
21:22 Castle Age
20:43 Scale Barding Armor
21:26 Gold Mining
22:02 Bloodlines
22:50 Husbandry
25:00 Gold Shaft Mining
25:30 Bow Saw
25:19 Town Watch
28:27 Iron Casting
Nyro
7:55 Loom
10:04 Feudal Age
10:39 Double-Bit Axe
10:56 Man-at-Arms
15:13 Bloodlines
16:21 Horse Collar
22:25 Castle Age
20:38 Scale Barding Armor
20:59 Gold Mining
23:26 Chain Barding Armor
23:31 Husbandry
hidalGGO_36
10:54 Feudal Age
9:10 Loom
10:19 Double-Bit Axe
25:33 Castle Age
26:04 Scale Barding Armor
26:10 Forging
26:05 Cavalier
27:19 Horse Collar
27:32 Gold Mining
28:32 Husbandry
30:38 Heavy Plow
Connection lost

Rejoining the realm…

Still unreachable

The connection could not be restored.

Session expired

The server has moved on; the page needs a fresh start.